 Dungeon Crawl Stone Soup version 0.26.1-11-gd32895ea62 (webtiles) character file.

Game seed: 18207470124089772227

154 buriedalive the Chiller (level 5, -1/28 HPs)
             Began as a Deep Elf Ice Elementalist on May 26, 2021.
             Slain by an orc
             ... wielding a +0 trident
              (5 damage)
             ... on level 5 of the Dungeon.
             The game lasted 00:04:10 (2991 turns).

buriedalive the Chiller (Deep Elf Ice Elementalist) Turns: 2991, Time: 00:04:11

Health: -1/28      AC:  3    Str:  5    XL:     5   Next: 13%
Magic:  5/11       EV: 14    Int: 21    God:
Gold:   153        SH:  0    Dex: 15    Spells: 3/10 levels left

rFire    . . .     SeeInvis .   k - +1 short sword (freeze)
rCold    . . .     Faith    .   (no shield)
rNeg     . . .     Spirit   .   g - +0 leather armour
rPois    .         Reflect  .   c - +0 hat
rElec    .         Harm     .   (no cloak)
rCorr    .         Rampage  .   (no gloves)
Will     .....                  (no boots)
Stlth    ++........             (no amulet)
HPRegen  0.09/turn              (no ring)
MPRegen  0.12/turn              (no ring)

@: no status effects
A: no striking features
a: no special abilities


You were on level 5 of the Dungeon.
You visited 1 branch of the dungeon, and saw 5 of its levels.

You collected 153 gold pieces.

Inventory:

Hand Weapons
 f - a +0 dagger
 k - a +1 short sword of freezing (weapon)
Missiles
 h - 135 stones
 q - 23 poisoned darts
Armour
 a - a +0 robe
 c - a +0 hat (worn)
 g - a +0 leather armour (worn)
Scrolls
 b - a scroll of enchant weapon {unknown}
 e - 3 scrolls of identify {unknown}
 i - 2 scrolls of remove curse
 l - a scroll of blinking {unknown}
 m - a scroll of fear {unknown}
 o - 3 scrolls of teleportation
 p - a scroll of immolation {unknown}
 s - a scroll of magic mapping {unknown}
Potions
 d - 4 potions of heal wounds
 j - 2 potions of resistance {unknown}
 n - 2 potions of lignification {unknown}
 r - a potion of degeneration {unknown}


   Skills:
 + Level 4.9 Dodging
 - Level 2.4 Stealth
 - Level 3.0 Spellcasting
 + Level 5.9 Ice Magic


You had 3 spell levels left.
You knew the following spells:

 Your Spells              Type           Power        Failure   Level
a - Freeze                Ice            100%         1%          1
b - Frozen Ramparts       Ice            56%          6%          3
c - Ozocubu's Armour      Ice            28%          6%          3

Your spell library contained the following spells:

 Spells                   Type           Power        Failure   Level
 Hailstorm                Conj/Ice       15%          54%         4
 Summon Ice Beast         Ice/Summ       15%          54%         4


Dungeon Overview and Level Annotations

Branches:
Dungeon (5/15)
 Temple: D:4-7

Altars:
Fedhas
Kikubaaqudgha


Message History

The orc priest is heavily wounded.
The orc hits you from afar with a +0 trident.
* * * LOW HITPOINT WARNING * * *
Casting: Freeze (safe; 1% risk of failure)
Confirm with . or Enter, or press ? or * to list all spells.
Aiming: Freeze (safe; 1% risk of failure)
Press: ? - help, Shift-Dir - straight line, f/p - orc priest
Aim: an orc priest, wielding a +0 club and wearing a +0 leather armour (heavily wounded)
You freeze the orc priest.
The orc priest is almost dead.
The orc closely misses you. The orc priest misses you.
Casting: Freeze (safe; 1% risk of failure)
Confirm with . or Enter, or press ? or * to list all spells.
Aiming: Freeze (safe; 1% risk of failure)
Press: ? - help, Shift-Dir - straight line, f/p - orc priest
Aim: an orc priest, wielding a +0 club and wearing a +0 leather armour (severely wounded)
You freeze the orc priest.
You kill the orc priest!
The orc hits you from afar with a +0 trident.
You die...

##. #.# #.# #.# #.#
#.# #.# ### #.# #.#
#.# ##.## #.# #.##
#######...# ##.#
#..#
#....))...####..##
#..>
#o†@.....##...###...
#..##)..............
#.# ###....####....#
#.. ##..## #....#
... #.?# ##..#. ...#
#..## #..## ####
#...# #.### ...##
#.# ([## #.#


You could see an orc.

Vanquished Creatures
  An orc priest (D:5)
  An orc wizard (D:5)
  A worker ant (D:4)
  A hound zombie (D:5)
  3 adders
  An ooze (D:3)
  A worm (D:3)
  A dart slug (D:3)
  3 orcs (D:5)
  2 bats
  5 giant cockroaches
  4 goblins (D:1)
  10 hobgoblins
  2 jackals (D:1)
  5 kobolds
  A ball python (D:5)
  3 frilled lizards
  8 rats
53 creatures vanquished.

Notes
Turn   | Place    | Note
-------+----------+-------------------------------------------
     0 | D:1      | buriedalive the Deep Elf Ice Elementalist began the quest
                  | for the Orb.
     0 | D:1      | Reached XP level 1. HP: 10/10 MP: 6/6
   366 | D:1      | Reached XP level 2. HP: 15/15 MP: 6/8
  1073 | D:2      | Reached skill level 5 in Ice Magic
  1073 | D:2      | Reached XP level 3. HP: 17/19 MP: 5/9
  1509 | D:2      | Found a blossoming altar of Fedhas.
  1513 | D:2      | Found an ancient bone altar of Kikubaaqudgha.
  2108 | D:3      | Reached XP level 4. HP: 24/24 MP: 8/10
  2717 | D:5      | Entered Level 5 of the Dungeon
  2791 | D:5      | Learned a level 3 spell: Frozen Ramparts
  2795 | D:5      | Learned a level 3 spell: Ozocubu's Armour
  2912 | D:5      | Reached XP level 5. HP: 23/28 MP: 11/11
  2991 | D:5      | Slain by an orc

Illustrated notes

Levels and vault maps discovered:
D:1:      elethiomel_arrival_maze, layout_basic, minmay_small_reverse_x
D:2:      layout_basic, grunt_temple_overflow_growth_and_decay
D:3:      layout_basic
D:4:      layout_cave_pools
D:5:      layout_layer_cave, grunt_decor_fettered

Skill      XL: |  1  2  3 |
---------------+----------+-----
Dodging        | 3 4 |  4.9
Ice Magic      | 5 |  5.9
Stealth        | |  2.4
Spellcasting   | |  3.0

Action                   |  1- 3 |  4- 6 || total
-------------------------+-------+-------++-------
Melee: Unarmed           |     7 |       ||     7
       Dagger            |    18 |       ||    18
       Short sword       |    27 |    36 ||    63
 Cast: Freeze            |    45 |    14 ||    59
  Use: Scroll            |     2 |       ||     2
       Potion            |       |     1 ||     1
 Stab: Sleeping          |     5 |       ||     5
       Distracted        |     1 |       ||     1
Armor: Robe              |    11 |       ||    11
       Leather armour    |     5 |     9 ||    14
Dodge: Dodged            |    60 |    40 ||   100
